 Dungeon Crawl Stone Soup version 0.27-a0-538-g15ff5c5295 (webtiles) character file.

Game seed: 5744944026237356019

13523 HoaS the Martial Artist (level 11, 0/94 HPs)
             Began as a Demigod Gladiator on Mar 6, 2021.
             Slain by a slime creature (9 damage)
             ... on level 12 of the Dungeon.
             The game lasted 00:32:20 (11633 turns).

HoaS the Martial Artist (Demigod Gladiator)        Turns: 11633, Time: 00:32:20

Health: 0/94       AC: 29    Str: 19    XL:     11   Next: 48%
Magic:  14/14      EV: 11    Int: 10    God:
Gold:   864        SH:  0    Dex: 23    Spells: 10/10 levels left

rFire    . . .     SeeInvis .     - Unarmed
rCold    . . .     Faith    .   (no shield)
rNeg     . . .     Spirit   .   D - +0 plate armour
rPois    +         Reflect  .   b - +2 helmet
rElec    .         Harm     .   p - +2 cloak
rCorr    .         Rampage  .   d - +2 pair of gloves
Will     +....                  y - +1 pair of boots
Stlth    ..........             t - amulet of regeneration
HPRegen  1.25/turn              j - +4 ring of protection
MPRegen  0.14/turn              B - ring of poison resistance

@: studying Dodging
A: high mp 1, forlorn
a: no special abilities


You were on level 12 of the Dungeon.
You visited 1 branch of the dungeon, and saw 12 of its levels.

You collected 864 gold pieces.

Inventory:

Missiles
 c - 2 throwing nets (quivered)
 m - 17 boomerangs
 q - 46 poisoned darts
Armour
 b - a +2 helmet (worn)
 d - a +2 pair of gloves (worn)
 p - a +2 cloak (worn)
 y - a +1 pair of boots (worn)
 D - a +0 plate armour (worn)
Jewellery
 j - a +4 ring of protection (left hand)
 t - an amulet of regeneration (around neck)
 w - a ring of see invisible
 B - a ring of poison resistance (right hand)
Wands
 a - a wand of mindburst (23)
 k - a wand of iceblast (9)
 n - a wand of charming (8)
 r - a wand of polymorph (35)
 u - a wand of paralysis (17)
 x - a wand of random effects (14)
Scrolls
 f - 6 scrolls of teleportation
 E - a scroll of identify
Potions
 e - 8 potions of curing
 g - a potion of attraction
 h - 7 potions of ambrosia
 i - 3 potions of flight
 l - 2 potions of lignification
 o - a potion of cancellation
 s - a potion of mutation
 A - a potion of resistance
 H - a potion of might
Miscellaneous
 C - a lightning rod (4/4)


   Skills:
 + Level 7.9 Fighting
 - Level 1.7 Throwing
 + Level 7.9 Armour
 + Level 8.8 Dodging
 * Level 11.7 Unarmed Combat


You had 10 spell levels left.
You didn't know any spells.
Your spell library contained the following spells:

 Spells                   Type           Power      Damage    Failure   Level
 Foxfire                  Conj/Fire      0%         2x1d4     100%        1
 Magic Dart               Conj           0%         1d3       100%        1
 Searing Ray              Conj           0%         3d3       100%        2
 Conjure Flame            Conj/Fire      0%         6-21      100%        3
 Dazzling Flash           Conj/Hex       0%         N/A       100%        3
 Inner Flame              Hex/Fire       0%         N/A       100%        3
 Fulminant Prism          Conj/Hex       0%         3d6       100%        4
 Iskenderun's Mystic Bla  Conj/Tloc      0%         2d3       100%        4
 Sticky Flame             Conj/Fire      0%         2d3       100%        4
 Fireball                 Conj/Fire      0%         3d3       100%        5


Dungeon Overview and Level Annotations

Branches:
Dungeon (12/15)            Temple (0/1) D:5            Lair (0/6) D:11
    Orc (0/2) D:11


Innate Abilities, Weirdness & Mutations

Your attributes grow dramatically as you level up.
You have an increased reservoir of magic. (+10% MP)
You shall have no god before yourself.


Message History

The orc barely misses you.
You hit the large slime creature.
The large slime creature is moderately wounded.
The slime creature closely misses you.
A large slime creature splits.
You feel much better. The orc barely misses you. The slime creature misses you.
The slime creature hits you but does no damage.
The slime creature barely misses you.
You feel much better. The orc barely misses you.
The slime creature hits you but does no damage.
The slime creature misses you.
The slime creature hits you but does no damage.
You hit the slime creature but do no damage.
The slime creature is moderately wounded.
The orc closely misses you. The slime creature hits you.
The slime creature misses you.
You barely miss the slime creature.
The slime creature is moderately wounded.
The slime creature hits you! The slime creature hits you.
The orc hits you but does no damage.
You barely miss the slime creature.
The slime creature is moderately wounded.
The slime creature hits you but does no damage. x2
You barely miss the slime creature.
The slime creature is moderately wounded.
The slime creature jiggles.
The slime creature closely misses you. The slime creature hits you.
The orc completely misses you.
The slime creature hits you but does no damage.
You punch the slime creature!
The slime creature is heavily wounded.
The slime creature hits you but does no damage.
The slime creature hits you!
* * * LOW HITPOINT WARNING * * *
The orc completely misses you.
You punch the slime creature!
The slime creature is severely wounded.
The slime creature hits you!
* * * LOW HITPOINT WARNING * * *
The slime creature hits you!
You die...

♣♣#.########## .............
♣............ ♣............
#............ #............
#...oJ....... #...J@.......
.######...J........
.........../.......
#######..########## #..# #..#
#..###################
###########................)....
............................)...


You could see 3 slime creatures and an orc.

Vanquished Creatures
  2 two-headed ogres
  Pikel (D:8)
  2 ugly things (D:11)
  An oklob plant (D:8)
  2 manticores
  A cyclops (D:12)
  A komodo dragon (D:10)
  2 slime creatures (D:12)
  A wyvern (D:8)
  A vampire (D:11)
  A wraith (D:10)
  16 yaks
  Menkaure (D:5)
  4 water moccasins
  A soldier ant (D:11)
  Duvessa (D:5)
  5 orc warriors
  3 ice beasts
  3 sky beasts
  4 black bears
  9 ogres
  3 centaurs
  4 phantoms
  The ghost of bmj180 the Conjurer, an amateur DECj (D:3)
  A kobold brigand (D:8)
  Blork the orc (D:6)
  8 bullfrogs
  A gnoll sergeant (D:8)
  A wyvern zombie (D:10)
  Dowan (D:5)
  3 scorpions
  4 wights
  2 howler monkeys
  2 bullfrog zombies
  A centaur zombie (D:11)
  A hound (D:6)
  2 jellies
  2 bullfrog skeletons
  5 orc priests
  2 centaur skeletons
  3 iguanas
  Terence (D:3)
  12 orc wizards
  8 worker ants
  An ogre zombie (D:4)
  A hound skeleton (D:6)
  2 worker ant zombies
  A howler monkey zombie (D:11)
  4 adders
  5 gnolls (D:8)
  A gnoll zombie (D:4)
  A shadow imp (D:6)
  2 white imps
  2 ufetubi
  An ooze (D:2)
  An adder skeleton (D:8)
  A worm (D:2)
  3 dart slugs
  12 leopard geckos
  49 orcs
  3 ball pythons
  5 bats
  2 giant cockroaches
  8 goblins
  7 hobgoblins
  5 jackals
  6 quokkas
  A frilled lizard (D:2)
  A jackal skeleton (D:9)
  7 kobolds
  A leopard gecko skeleton (D:5)
  A quokka skeleton (D:7)
  8 rats
273 creatures vanquished.

Vanquished Creatures (others)
  5 fungi (D:11)
  7 plants
12 creatures vanquished.

Grand Total: 285 creatures vanquished

Notes
Turn   | Place    | Note
-------+----------+-------------------------------------------
     0 | D:1      | HoaS the Demigod Gladiator began the quest for the Orb.
     0 | D:1      | Reached XP level 1. HP: 17/17 MP: 3/3
   149 | D:1      | Reached skill level 3 in Unarmed Combat
   455 | D:1      | Reached XP level 2. HP: 13/24 MP: 4/4
  1447 | D:2      | Reached XP level 3. HP: 28/29 MP: 5/5
  1527 | D:2      | Reached skill level 4 in Unarmed Combat
  2047 | D:3      | Reached XP level 4. HP: 32/36 MP: 6/6
  2281 | D:3      | Reached skill level 5 in Unarmed Combat
  2436 | D:3      | Noticed Terence
  2447 | D:3      | Killed Terence
  2562 | D:3      | Found a runed translucent door.
  2563 | D:3      | Noticed bmj180's ghost (amateur DECj)
  2779 | D:3      | Killed bmj180's ghost
  2780 | D:3      | Reached XP level 5. HP: 26/41 MP: 7/7
  2967 | D:4      | Reached skill level 6 in Unarmed Combat
  3190 | D:4      | Found a transporter.
  3560 | D:4      | Found a transporter.
  3656 | D:4      | Noticed an ogre
  3666 | D:4      | Killed an ogre
  3667 | D:4      | Reached skill level 1 in Armour
  3667 | D:4      | Reached XP level 6. HP: 49/49 MP: 8/8
  3856 | D:5      | Entered Level 5 of the Dungeon
  3988 | D:5      | Noticed Duvessa
  4045 | D:5      | Noticed Dowan
  4056 | D:5      | Killed Duvessa
  4057 | D:5      | Reached XP level 7. HP: 55/57 MP: 9/9
  4079 | D:5      | Killed Dowan
  4097 | D:5      | Noticed Menkaure
  4190 | D:5      | Killed Menkaure
  4487 | D:5      | Found a staircase to the Ecumenical Temple.
  5116 | D:6      | You fall into a shaft and drop 2 floors!
  5116 | D:8      | Noticed Pikel
  5131 | D:8      | Killed Pikel
  5132 | D:8      | Reached skill level 7 in Unarmed Combat
  5132 | D:8      | Reached XP level 8. HP: 65/66 MP: 10/10
  5231 | D:8      | Noticed an angel
  5510 | D:6      | Reached skill level 8 in Unarmed Combat
  5649 | D:6      | Noticed Blork the orc
  5659 | D:6      | Killed Blork the orc
  6446 | D:7      | Reached skill level 5 in Fighting
  6446 | D:7      | Reached skill level 5 in Armour
  6481 | D:7      | Reached XP level 9. HP: 42/74 MP: 11/11
  6534 | D:7      | Reached skill level 5 in Dodging
  6855 | D:7      | Reached skill level 9 in Unarmed Combat
  7419 | D:8      | Noticed an oklob plant
  7723 | D:8      | Killed an oklob plant
  8469 | D:9      | Noticed a two-headed ogre
  8478 | D:9      | Killed a two-headed ogre
  8479 | D:9      | Reached XP level 10. HP: 83/83 MP: 13/13
  8506 | D:9      | Noticed a +0 dagger
  8506 | D:9      | Noticed a +0 hand axe
  8681 | D:9      | Reached skill level 10 in Unarmed Combat
  8774 | D:9      | Noticed a manticore
  8784 | D:9      | Killed a manticore
  9161 | D:10     | Entered Level 10 of the Dungeon
  9357 | D:10     | Identified a scroll of acquirement
  9357 | D:10     | Acquired a manual of Dodging
 10013 | D:11     | Identified the +8 war axe "Nygai" {vorpal, rF+ rC+ Str-4
                  | Dex+3 SInv}
 10425 | D:11     | Noticed a green ugly thing
 10437 | D:11     | Found a staircase to the Orcish Mines.
 10475 | D:11     | Killed a green ugly thing
 10476 | D:11     | Reached skill level 11 in Unarmed Combat
 10476 | D:11     | Reached XP level 11. HP: 92/92 MP: 14/14
 10537 | D:11     | Noticed a two-headed ogre
 10543 | D:11     | Killed a two-headed ogre
 10890 | D:11     | Found a staircase to the Lair.
 11633 | D:12     | Slain by a slime creature

Illustrated notes

Levels and vault maps discovered:
D:1:      onia_arrival_mini_spirals, layout_loops_corners
D:2:      layout_loops_ring, nicolae_overflow_hidden_temple
D:3:      layout_rooms, kennysheep_okawaru_gauntlet, nzn_wu_jian_council_hall,
          ebering_ghost_reflecting_pool, nicolae_qazlal_general_emergency,
          uniq_terence
D:4:      gammafunk_cloud_chamber, layout_loops_ring,
          gammafunk_temple_overflow_pools, kennysheep_slug_shrine
D:5:      layout_rooms, elyvilon_altar_3, minmay_temple_entry_drinking_statues,
          feat_on_display, uniq_duvessa, uniq_menkaure
D:6:      layout_loops_ring, minmay_starry_boxes, uniq_blork_the_orc
D:7:      layout_basic, grunt_dithmenos_smoke_and_mirrors,
          kennysheep_pointless_box, st_stairs_14
D:8:      layout_loops_ring, grunt_temple_overflow_order_and_chaos_1,
          lemuel_coloured_pillars_altar, lemuel_oklob_altar, uniq_pikel
D:9:      layout_roguey, dancing_weapons_uskayaw
D:10:     layout_irregular_city
D:11:     layout_irregular_city, grunt_lair_entry_orc_guard_hut, orc_0_dummy,
          evilmike_minifort
D:12:     layout_long_grid, serial_bayou_crossing

Skill      XL: |  1  2  3  4  5  6  7  8  9 10 11 |
---------------+----------------------------------+-----
Unarmed Combat | 3 4 5 6 7 8 9 11 | 11.7
Fighting       | 2 3 4 5 6 7 |  7.9
Armour         | 1 3 4 5 6 7 |  7.9
Dodging        | 3 4 6 7 8 |  8.8
Throwing       | |  1.7

Action                   |  1- 3 |  4- 6 |  7- 9 | 10-12 || total
-------------------------+-------+-------+-------+-------++-------
Melee: Unarmed           |   156 |   155 |   502 |   541 ||  1354
       Punch             |     2 |     6 |    18 |    39 ||    65
Throw: Boomerang         |       |     5 |     3 |     1 ||     9
       Dart              |       |     3 |       |       ||     3
       Throwing net      |       |     6 |     1 |     6 ||    13
Evoke: Wand              |       |     2 |     9 |       ||    11
  Use: Scroll            |     6 |     1 |    10 |    10 ||    27
       Potion            |       |       |     1 |     6 ||     7
 Stab: Sleeping          |     2 |       |       |       ||     2
       Held in net/web   |       |     3 |     1 |     2 ||     6
Armor: Leather armour    |    47 |     8 |       |       ||    55
       Scale mail        |       |    16 |       |       ||    16
       Ring mail         |       |    11 |       |       ||    11
       Chain mail        |       |    34 |   237 |   100 ||   371
       Plate armour      |       |       |       |   169 ||   169
Dodge: Dodged            |    85 |    54 |   171 |   243 ||   553

Table legend: (Time is in decaauts)
 A = Elapsed time spent in this place.
 B = Non-inter-level travel time spent in this place.
 C = Inter-level travel time spent in this place.
 D = Time resting spent in this place.
 E = Time spent auto-exploring this place.
 F = Levels seen in this place.
 G = Mean time per level.
                   A        B        C        D        E       F      G
               +--------+--------+--------+--------+--------+-----+--------+
         Total |  11415 |  10396 |   1019 |   1683 |   6284 |  12 |  951.2 |
       Dungeon |  11415 |  10396 |   1019 |   1683 |   6284 |  12 |  951.2 |
               +--------+--------+--------+--------+--------+-----+--------+

Top non-repeatable levels by time:
     D:4: 1513 daAuts
    D:11: 1310 daAuts
     D:1: 1275 daAuts
     D:6: 1001 daAuts
     D:3: 951 daAuts
     D:5: 943 daAuts
     D:7: 943 daAuts
     D:8: 926 daAuts
    D:10: 895 daAuts
     D:9: 829 daAuts
     D:2: 711 daAuts
    D:12: 114 daAuts
